 Dungeon Crawl Stone Soup version 0.30-b1-2-g02819fbbbe (webtiles) character file.

Game seed: 1862377394427471695

798841 Arzdou the Bringer of Light (level 27, 0/249 HPs)
             Began as a Merfolk Monk on May 27, 2023.
             Was the Champion of the Shining One.
             Killed from afar by Gloorx Vloq (13 damage)
             ... with a poison arrow
             ... in Pandemonium.
             The game lasted 04:59:20 (86635 turns).

Arzdou the Bringer of Light (Merfolk Monk)         Turns: 86635, Time: 04:59:23

Health: 0/249      AC: 33    Str: 15    XL:     27
Magic:  49/49      EV: 39    Int: 11    God:    the Shining One [******]
Gold:   3306       SH:  0    Dex: 41    Spells: 28/46 levels left

rFire   + + +        a - +9 eudemon blade (holy)
rCold   + + +        U - +8 tower shield
rNeg    + + +        G - +4 chain mail of the Arcane {Drain rF++ rC+ rN+ rCorr}
rPois   +            (helmet restricted)
rElec   +            B - +2 cloak {rCorr}
rCorr   +            r - +3 pair of gloves "Dorut" {Will+ Dex+4}
SInv    .            T - +2 pair of boots of Wotejof {rC+ Str+6}
Will    +++..        j - macabre finger necklace {Finger+ rN+} Stlth
                     D - ring of Exhibitionism {rC+ MP+9}
HPRegen 0.61/turn    W - +6 ring of dexterity
MPRegen 0.31/turn    J - ring of the Tempest {rElec rF+ EV+5}

%: no passive effects
@: confused, lethally poisoned (0 -> -14), divinely shielded, ambrosia-drunk,
hasted and slowed, glowing, unable to drink
A: (nimble swimmer 2), mertail, horns 1, iridescent scales 2, agile 2, dopey 1,
fire resistance 1, poison resistance, weak 1, inability to drink after injury 1
}: 8/15 runes: decaying, slimy, silver, abyssal, demonic, glowing, fiery,
gossamer
a: Renounce Religion, Divine Shield, Cleansing Flame, Summon Divine Warrior


You were in Pandemonium.
You worshipped the Shining One.
The Shining One was exalted by your worship.
You visited 13 branches of the dungeon, and saw 57 of its levels.
You visited Pandemonium 1 time, and saw 18 of its levels.
You visited the Abyss 1 time.
You also visited: Trove, Ice Cave and Wizlab.

You collected 11287 gold pieces.
You spent 7981 gold pieces at shops.

Inventory:

Hand Weapons
 a - a +9 eudemon blade of holy wrath (weapon)
 b - a +9 double sword of electrocution
Missiles
 o - 11 silver javelins (quivered)
 H - 18 curare-tipped darts
Armour
 r - the +3 pair of gloves "Dorut" (worn) {Will+ Dex+4}
   (You acquired it on level 4 of the Realm of Zot)

   Dex:       It affects your dexterity (+4).
   Will:      It increases your willpower.
 B - a +2 cloak of preservation (worn)
 G - the +4 chain mail of the Arcane (worn) {Drain rF++ rC+ rN+ rCorr}
   (You bought it in a shop on level 1 of the Elven Halls)

   rF:        It greatly protects you from fire.
   rC:        It protects you from cold.
   rN:        It protects you from negative energy.
   rCorr:     It protects you from acid and corrosion.
   Drain:     It drains your maximum health when unequipped.
 T - the +2 pair of boots of Wotejof (worn) {rC+ Str+6}
   (You found it in Pandemonium)

   Str:       It affects your strength (+6).
   rC:        It protects you from cold.
 U - a +8 tower shield (worn)
 X - a +3 kite shield of cold resistance
Jewellery
 d - a ring of poison resistance
 j - the macabre finger necklace (around neck) {Finger+ rN+}
   (You bought it in a shop on level 2 of the Elven Halls)

   [amulet of nothing]

   Finger+:   It enables you to equip an extra ring.
   rN:        It protects you from negative energy.
 D - the ring of Exhibitionism (left hand) {rC+ MP+9}
   (You found it on level 2 of the Realm of Zot)

   [ring of magical power]

   rC:        It protects you from cold.
   MP:        It affects your magic capacity (+9).
 J - the ring of the Tempest (on amulet) {rElec rF+ EV+5}
   (You bought it in a shop on level 2 of the Orcish Mines)

   [ring of evasion]

   EV:        It affects your evasion (+5).
   rF:        It protects you from fire.
   rElec:     It insulates you from electricity.
 N - an amulet of regeneration
 W - a +6 ring of dexterity (right hand)
 Y - a +6 ring of strength
Wands
 i - a wand of mindburst (35)
 u - a wand of digging (26)
 v - a wand of polymorph (45)
 E - a wand of roots (57)
 I - a wand of charming (79)
 V - a wand of light (29)
Scrolls
 f - 12 scrolls of poison
 k - 6 scrolls of blinking
 l - 6 scrolls of immolation
 n - 5 scrolls of silence
 t - 10 scrolls of fear
 L - 9 scrolls of vulnerability
 M - 5 scrolls of fog
 O - a scroll of magic mapping
 Q - 3 scrolls of summoning
 S - 10 scrolls of teleportation
 Z - 6 scrolls of amnesia
Potions
 c - 5 potions of ambrosia
 g - 7 potions of magic
 h - 4 potions of heal wounds
 m - 11 potions of lignification
 p - 12 potions of berserk rage
 q - 15 potions of attraction
 s - 2 potions of haste
 w - 15 potions of might
 z - 31 potions of curing
 A - 5 potions of flight
 C - 8 potions of cancellation
 P - 2 potions of resistance
 R - 4 potions of mutation
Miscellaneous
 e - a lightning rod (4/4)
 x - a phantom mirror
 y - a tin of tremorstones (2/2)
 F - a box of beasts
 K - a phial of floods


   Skills:
 O Level 27 Fighting
 - Level 21.0 Long Blades
 + Level 15.2 Armour
 O Level 27 Dodging
 - Level 15.0 Shields
 - Level 10.0 Spellcasting
 - Level 16.5 Ice Magic
 O Level 27 Invocations
 - Level 16.0 Evocations


You had 28 spell levels left.
You knew the following spells:

 Your Spells              Type           Power      Damage    Failure   Level
a - Blink                 Tloc           10%        N/A       99%         2
b - Ozocubu's Refrigerat  Ice            20%        4d12      96%         7
c - Polar Vortex          Ice            20%        N/A       100%        9

Your spell library contained the following spells:

 Spells                   Type           Power      Damage    Failure   Level
 Frozen Ramparts          Ice            82%        1d13      1%          3
 Ozocubu's Armour         Ice            41%        N/A       1%          3
 Ensorcelled Hibernation  Hex/Ice        46%        N/A       16%         2
 Ice Form                 Ice/Tmut       23%        N/A       69%         4
 Summon Ice Beast         Ice/Summ       23%        N/A       69%         4
 Apportation              Tloc           10%        N/A       96%         1
 Beastly Appendage        Tmut           10%        N/A       96%         1
 Foxfire                  Conj/Fire      20%        2x1d5     96%         1
 Kiss of Death            Conj/Necr      20%        2d7       96%         1
 Magic Dart               Conj           20%        1d4       96%         1
 Necrotise                Necr           20%        1d5       96%         1
 Sandblast                Erth           10%        2d5       96%         1
 Slow                     Hex            20%        N/A       96%         1
 Sting                    Tmut/Pois      20%        1d4       96%         1
 Summon Small Mammal      Summ           20%        N/A       96%         1
 Call Imp                 Summ           10%        N/A       99%         2
 Lesser Beckoning         Tloc           10%        N/A       99%         2
 Momentum Strike          Conj/Tloc      10%        3d8       99%         2
 Passwall                 Tmut/Erth      4%         N/A       99%         2
 Poisonous Vapours        Pois/Air       10%        N/A       99%         2
 Static Discharge         Conj/Air       10%        2-3/arc   99%         2
 Sublimation of Blood     Necr           5%         N/A       99%         2
 Wereblood                Tmut           5%         N/A       99%         2
 Confusing Touch          Hex            5%         N/A       100%        3
 Dazzling Flash           Conj/Hex       10%        N/A       100%        3
 Gell's Gravitas          Tloc           5%         N/A       100%        3
 Inner Flame              Hex/Fire       5%         N/A       100%        3
 Mephitic Cloud           Conj/Pois/Air  5%         N/A       100%        3
 Portal Projectile        Hex/Tloc       10%        N/A       100%        3
 Spider Form              Tmut/Pois      5%         N/A       100%        3
 Stone Arrow              Conj/Erth      10%        3d7       100%        3
 Summon Guardian Golem    Hex/Summ       5%         N/A       100%        3
 Swiftness                Air            5%         N/A       100%        3
 Teleport Other           Tloc           5%         N/A       100%        3
 Tukima's Dance           Hex            5%         N/A       100%        3
 Vampiric Draining        Necr           5%         2d6       100%        3
 Vhi's Electric Charge    Tloc/Air       10%        N/A       100%        3
 Volatile Blastmotes      Fire/Tloc      10%        2d10      100%        3
 Airstrike                Air            2%         2d(1-17)  100%        4
 Anguish                  Hex/Necr       2%         N/A       100%        4
 Animate Armour           Summ/Erth      10%        N/A       100%        4
 Cause Fear               Hex            2%         N/A       100%        4
 Dispel Undead            Necr           5%         3d7       100%        4
 Fulminant Prism          Conj/Hex       2%         3d5       100%        4
 Iskenderun's Mystic Bla  Conj/Tloc      5%         2d3       100%        4
 Leda's Liquefaction      Hex/Erth       2%         N/A       100%        4
 Manifold Assault         Tloc           5%         N/A       100%        4
 Olgreb's Toxic Radiance  Pois           5%         N/A       100%        4
 Passage of Golubria      Tloc           5%         N/A       100%        4
 Summon Lightning Spire   Summ/Air       5%         N/A       100%        4
 Agony                    Necr           5%         N/A       100%        5
 Alistair's Intoxication  Tmut/Pois      3%         N/A       100%        5
 Arcjolt                  Conj/Air       2%         1d12      100%        5
 Blade Hands              Tmut           2%         N/A       100%        5
 Borgnjor's Vile Clutch   Necr/Erth      2%         N/A       100%        5
 Fireball                 Conj/Fire      2%         3d4       100%        5
 Freezing Cloud           Conj/Ice/Air   8%         6-21      100%        5
 Lee's Rapid Deconstruct  Erth           2%         3d5*      100%        5
 Silence                  Hex/Air        2%         N/A       100%        5
 Yara's Violent Unravell  Hex/Tmut       2%         3d3       100%        5
 Conjure Ball Lightning   Conj/Air       2%         3x3d6     100%        6
 Dispersal                Tloc           2%         N/A       100%        6
 Iron Shot                Conj/Erth      2%         9d2       100%        6
 Plasma Beam              Fire/Air       2%         2x1d14    100%        6
 Simulacrum               Ice/Necr       11%        N/A       100%        6
 Starburst                Conj/Fire      2%         6d3       100%        6
 Enfeeble                 Hex            2%         N/A       100%        7
 Summon Hydra             Summ           2%         N/A       100%        7
 Discord                  Hex            2%         N/A       100%        8
 Disjunction              Tloc           2%         N/A       100%        8
 Ignition                 Fire           2%         3d3       100%        8
 Lehudib's Crystal Spear  Conj/Erth      2%         10d2      100%        8
 Maxwell's Capacitive Co  Air            2%         ∞         100%        8
 Fire Storm               Conj/Fire      2%         8d1       100%        9


Dungeon Overview and Level Annotations

Branches:
Dungeon (15/15)            Temple (1/1) D:7            Lair (5/5) D:8
  Swamp (4/4) Lair:3       Spider (4/4) Lair:3        Slime (5/5) Lair:5
    Orc (2/2) D:11            Elf (3/3) Orc:2        Vaults (5/5) D:13
  Crypt (3/3) Vaults:2       Tomb (0/3) Crypt:3      Depths (4/4) D:15
   Hell (visited)             Dis (0/7) Hell            Geh (0/7) Hell
    Coc (0/7) Hell            Tar (0/7) Hell            Zot (5/5) Depths:4
  IceCv (visited)          WizLab (visited)

Altars:
Ashenzari
Cheibriados
Dithmenos
Elyvilon
Fedhas
Gozag
Hepliaklqana
Kikubaaqudgha
Makhleb
Nemelex Xobeh
Okawaru
Qazlal
Ru
Sif Muna
Trog
Uskayaw
Vehumet
Wu Jian
Xom
Yredelemnul
Zin
The Shining One
Jiyva

Shops:
D:5 :   D:6 !   D:8 :   D:9 =!   D:11 ?   D:14 ?   D:15 !   Orc:2 =!*=?
Elf:1 [   Elf:2 (=*=   Elf:3 [   Vaults:1 [   Depths:3 ?*

Portals:
Hell: Depths:1 Depths:2 Depths:3 Depths:4
Abyss: Depths:2 Depths:3
Pandemonium: Depths:2
Ziggurat: Depths:1

Annotations:
Lair:2 exclusion: oklob plant
Spider:4 1 exclusion
Elf:3 1 exclusion
Pan 1 exclusion, Gloorx Vloq


Innate Abilities, Weirdness & Mutations

((You are very nimble when in or above water. (Stealth+, EV+, Speed+++)))
Your lower body shifts to a powerful aquatic tail in water.
You have a pair of small horns on your head.
You are mostly covered in iridescent scales. (AC +4)
You are very agile. (Dex +8, Str/Int -2)
You are dopey. (Int -2)
Your flesh is heat resistant. (rF+)
Your system is resistant to poisons. (rPois)
You are weak. (Str -2)
You occasionally lose the ability to drink potions when taking damage.


Message History

Gloorx Vloq is almost dead.
The Executioner barely misses you. The Executioner closely misses you.
The Executioner hits you but does no damage.
The Executioner hits you!!
* * * LOW HITPOINT WARNING * * *
The Executioner misses you. The Executioner completely misses you.
The Executioner hits you but does no damage.
The Executioner completely misses you. The Executioner misses you.
Gloorx Vloq gestures at you. The poison arrow hits you.
You are poisoned.
You partially resist.
* * * LOW HITPOINT WARNING * * *
The Executioner completely misses you. The Executioner hits you.
* * * LOW HITPOINT WARNING * * *
The Executioner closely misses you. The Executioner misses you.
The Executioner hits you but does no damage.
The Executioner completely misses you. x2; The Executioner misses you. x2
Gloorx Vloq gestures at you. The foul vapour misses you.
Unknown command.
You slice the Executioner like a ripe choko!!!
You kill the Executioner!
The Executioner disappears in a puff of smoke!
You are engulfed in dark miasma.
* * * LOW HITPOINT WARNING * * *
You feel very sick.
The Executioner hits you but does no damage.
The Executioner closely misses you.
The Executioner completely misses you. x2
The Executioner hits you but does no damage.
The Executioner misses you.
The Executioner hits you but does no damage.
The Executioner completely misses you.
The Executioner hits you but does no damage.
The Executioner completely misses you. x3
Gloorx Vloq gestures at you. The poison arrow hits you!
You are lethally poisoned!
You partially resist.
You die...

#.#...# #.........# #...#.#
#..#..# #....#....# #..#..#
#.#...# ##.........## #...#.#
#..#..# #...#.#.#...# #..#..#
#.#...# ##...........## #...#.#
#..#..#*#..#.#[#.#.#..###..#..#
#.#...#*.....○..°......##...#.#
#..#..##.#.#○#1#○#.#.#.##..#..#
#.#...##....○○@&○......##...#.#
#..#..########1#'########..#..#
#.#..........#.#.#..........#.#
#..#.......................#..#
#.#.#.#.#.#.#.#.#.#.#.#.#.#.#.#
#..#.#.#.#.#.#.#.#.#.#.#.#.#..#
#...........................†.#
###############################


You could see Gloorx Vloq and 2 Executioners.

Vanquished Creatures
  Cerebov (Pan)
  Mnoleg (Pan)
  A dread lich (Pan)
  Khufu (Crypt:3)
  An orb of fire (Zot:4)
  Mara (Spider:4)
  2 ancient liches
  Mennas (Vaults:2)
  Josephina (Crypt:2)
  A royal mummy (Crypt:3)
  Margery (Depths:2)
  Head Instructor (WizLab)
  A Killer Klown (Zot:4)
  Geryon (Hell)
  A curse toe (Zot:2)
  11 golden dragons
  A caustic shrike (Depths:2)
  Nikola (Spider:4)
  A bone dragon (Zot:2)
  A Tzitzimitl (Pan)
  5 Brimstone Fiends (Pan)
  Rupert (Spider:1)
  An Ice Fiend (Pan)
  19 tentacled monstrosities
  A Hell Sentinel (Pan)
  7 Orb Guardians
  3 walking crystal tomes
  7 quicksilver dragons
  A deep elf blademaster (Elf:3)
  8 liches
  A walking divine tome (Depths:2)
  26 Executioners
  6 ancient champions
  12 acid blobs
  4 tentacled starspawn
  2 titans
  11 death cobs
  9 sphinxes
  16 storm dragons
  9 shadow dragons
  4 tengu reavers
  2 revenants
  3 azure jellies
  6 draconian monks
  A daeva (Pan)
  2 demonspawn warmongers (Pan)
  9 fire giants
  11 balrugs
  6 rockslimes
  8 draconian scorchers
  8 draconian knights
  6 frost giants
  6 emperor scorpions
  7 deep elf sorcerers
  18 vault wardens
  4 ghouls
  An iron dragon (Vaults:5)
  8 ghost moths
  3 curse skulls
  6 draconian shifters
  A juggernaut zombie (Depths:1)
  10 reapers
  6 demonspawn corrupters (Pan)
  7 draconian stormcallers
  5 ironbound thunderhulks
  20 stone giants
  7 cacodemons (Pan)
  15 very ugly things
  A broodmother (Spider:2)
  8 quicksilver oozes
  5 demonspawn blood saints (Pan)
  A spriggan defender (Depths:4)
  2 war gargoyles
  5 draconian annihilators
  3 green draconians
  9 vampire knights
  4 eleionomae
  24 ironbound preservers
  7 lorocyprocas (Pan)
  An eleionoma (shapeshifter) (Depths:3)
  6 deep elf demonologists (Elf:3)
  2 demonspawn black suns (Pan)
  8 black draconians
  6 deep elf annihilators (Elf:3)
  10 dire elephants
  Azrael (Elf:1)
  A bunyip (Swamp:4)
  12 white draconians
  15 yellow draconians
  17 purple draconians
  5 spark wasps
  5 deep elf death magi
  12 red draconians
  5 eidola
  Snorg (D:11)
  5 blizzard demons (Pan)
  9 green deaths
  7 ettins
  6 deep elf high priests
  An ettin (shapeshifter) (Vaults:5)
  A crystal guardian (Vaults:3)
  3 entropy weavers
  7 fire dragons
  9 jiangshi
  11 yaktaur captains
  6 rakshasas
  2 peacekeepers (Vaults:3)
  45 vault guards
  Harold (D:11)
  2 ghost crabs
  8 great orbs of eyes
  A spriggan zombie (Crypt:2)
  2 spriggan air magi (Depths:4)
  7 centaur warriors
  3 radroaches (Spider:4)
  5 ogre magi
  2 death knights
  13 alligators
  9 ice dragons
  11 hydras
  A bennu zombie (Crypt:1)
  6 boulder beetles
  3 catoblepae
  5 ironbound frosthearts
  27 dancing weapons
  5 tengu warriors
  8 deep troll shamans
  3 death yaks (Lair:5)
  4 deep troll earth magi
  4 two-headed ogres
  6 hell hogs
  7 vampire magi
  5 spriggan berserkers
  26 deep elf knights
  7 orc high priests
  A titan zombie (Depths:1)
  30 hell knights
  2 shock serpents (shapeshifter)
  A thrashing horror (Abyss:3)
  Nergalle (D:11)
  5 titan skeletons
  17 sixfirhies
  34 soul eaters
  23 sun demons
  A salamander mystic (Depths:1)
  15 skeletal warriors
  5 wretched stars
  11 shadow wraiths
  A ghost moth zombie (Crypt:3)
  11 goliath frogs
  7 pharaoh ants
  A spatial maelstrom (Abyss:4)
  79 deep trolls
  4 iron trolls
  2 sun moths (Spider:3)
  A skyshark (Lair:4)
  16 shadow demons (Pan)
  3 spriggan druids
  7 swamp dragons
  12 ironbound convokers
  An anaconda zombie (Crypt:2)
  3 flayed ghosts
  An orange crystal statue (IceCv)
  4 glowing orange brains
  4 orb spiders
  A bog body (Swamp:3)
  4 deep elf archers
  6 wizards
  Pikel (D:6)
  A sphinx zombie (Crypt:1)
  A fenstrider witch simulacrum (Hell)
  An anaconda skeleton (Pan)
  5 steelbarb worms
  7 lindwurms
  3 golden dragon skeletons
  4 mana vipers (WizLab)
  9 necromancers
  7 orc knights
  16 phantasmal warriors
  16 wolf spiders
  A draconian zombie (Crypt:1)
  2 wolf spiders (shapeshifter)
  2 tengu skeletons
  19 ugly things
  A fire giant zombie (Depths:2)
  4 shining eyes
  26 deep elf pyromancers
  An orc sorcerer (Pan)
  8 will-o-the-wisps
  27 deep elf zephyrmancers
  A manticore (shapeshifter) (Depths:3)
  4 manticores
  4 cyclopes
  A sphinx skeleton (Vaults:2)
  An elephant (shapeshifter) (Vaults:5)
  A moth of wrath (shapeshifter) (Elf:1)
  2 worldbinders (Abyss:3)
  3 salamanders (Depths:1)
  21 moths of wrath
  15 elephants
  3 black mambas (shapeshifter)
  A fire giant skeleton (Depths:1)
  2 stone giant skeletons (Vaults:2)
  4 black mambas
  3 naga magi (WizLab)
  7 rust devils
  16 demonic crawlers
  4 molten gargoyles (Hell)
  17 vault sentinels
  A torpor snail (shapeshifter) (Depths:4)
  9 torpor snails
  12 smoke demons
  A centaur skeleton (Pan)
  A black draconian zombie (Crypt:1)
  4 eyes of devastation
  A dire elephant skeleton (Pan)
  14 yaktaurs
  13 cane toads
  2 gargoyles (D:12)
  A redback zombie (Crypt:1)
  4 storm dragon simulacra (IceCv)
  15 orange demons
  3 efreet
  5 rime drakes
  10 freezing wraiths
  9 hellions
  2 unseen horrors
  An unseen horror (shapeshifter) (D:11)
  7 komodo dragons
  A sea snake skeleton (Crypt:2)
  3 spriggan skeletons
  7 tengu conjurers
  A kobold demonologist (Elf:1)
  6 human skeletons
  2 ice devils
  3 ancient zymes
  2 red devils (Pan)
  5 tormentors (Pan)
  5 golden dragon simulacra (IceCv)
  11 tyrant leeches
  7 trolls
  28 hornets
  A polar bear (Lair:4)
  A queen bee (Spider:3)
  9 hellwings
  A hydra skeleton (Pan)
  4 meliai
  13 blink frogs
  2 stone giant simulacra
  Prince Ribbit (D:6)
  4 raiju (Abyss:3)
  19 tarantellas
  21 large abominations
  A harpy skeleton (Pan)
  2 raiju (shapeshifter)
  6 dream sheep (Lair:5)
  2 ettin skeletons
  A radroach zombie (Crypt:1)
  67 slime creatures
  10 spriggans
  2 air elementals (Elf:3)
  10 jumping spiders
  A vampire (D:13)
  61 yaks
  16 culicivoras
  A slime creature zombie (Crypt:2)
  2 centaur simulacra (Crypt:2)
  16 ynoxinuls
  A water elemental (Elf:1)
  7 wraiths
  6 wyverns
  A black mamba skeleton (Pan)
  7 fire elementals
  4 steam dragons
  A golden eye (shapeshifter) (Elf:3)
  9 basilisks
  5 small abominations (Abyss:3)
  3 chaos spawn
  3 golden eyes
  31 redbacks
  15 vampire mosquitoes
  9 neqoxecs
  A human zombie (Depths:2)
  A spatial vortex (Abyss:4)
  A warg (Orc:2)
  3 acid dragons
  A warg (shapeshifter) (Depths:3)
  15 swamp worms
  Edmund (D:6)
  7 hell hounds
  9 water moccasins
  3 glowing shapeshifter skeletons (Vaults:2)
  A faun skeleton (Crypt:2)
  A cane toad zombie (Crypt:3)
  10 swamp drakes
  An ice beast (D:8)
  5 ice dragon simulacra (IceCv)
  27 orc warriors
  A boggart (Elf:1)
  3 naga skeletons
  A sky beast (D:6)
  A black bear (Lair:4)
  A spriggan simulacrum (Depths:1)
  A snapping turtle zombie (Crypt:3)
  4 ogres
  3 lemures (D:6)
  A tengu (shapeshifter) (D:15)
  2 phantoms (D:4)
  12 centaurs
  3 kobold brigands
  9 bullfrogs
  Blork the orc (D:4)
  5 necrophages
  4 gnoll sergeants
  A draconian skeleton (Crypt:1)
  3 earth elementals
  2 scorpions
  A naga simulacrum (Crypt:2)
  7 wights
  3 lindwurm simulacra (IceCv)
  19 killer bees
  A swamp dragon simulacrum (Crypt:1)
  8 howler monkeys
  A centaur zombie (Crypt:2)
  3 hounds
  4 jellies
  30 orc priests
  A bullfrog skeleton (Crypt:1)
  19 starcursed masses
  A basilisk skeleton (Crypt:2)
  Natasha (thrice) (D:4)
  6 iguanas
  17 orc wizards
  A hound skeleton (Crypt:2)
  Robin (D:2)
  18 gnolls
  6 adders
  A steam dragon zombie (Crypt:1)
  A shadow imp (Abyss:3)
  A white imp (Abyss:3)
  2 ufetubi
  A jelly zombie (Crypt:2)
  8 worms
  2 dart slugs
  81 orcs
  6 ball pythons
  5 endoplasms
  4 giant cockroaches
  11 goblins
  8 hobgoblins
  3 jackals (D:4)
  3 quokkas
  A river rat zombie (Crypt:1)
  3 bats
  7 frilled lizards
  A goblin zombie (Crypt:1)
  21 kobolds
  11 rats
  A lurking horror (Abyss:3)
  2 starspawn tentacles
2476 creatures vanquished.

Vanquished Creatures (collateral kills)
  the Royal Jelly (Slime:5)
  A dread lich (Vaults:5)
  An orb of fire (Zot:5)
  the Lernaean hydra (Swamp:4)
  A curse toe (Crypt:3)
  2 golden dragons
  A bone dragon (Crypt:3)
  A Brimstone Fiend (Pan)
  A Tzitzimitl (Pan)
  A hellephant (Abyss:3)
  3 Orb Guardians (Zot:5)
  A Hell Sentinel (Pan)
  3 tentacled monstrosities
  A pandemonium lord (Pan)
  A lich (Abyss:3)
  A titan (Vaults:5)
  A tentacled starspawn (Abyss:4)
  2 deep elf master archers (Elf:3)
  2 eldritch tentacles (Pan)
  An acid blob (Slime:5)
  2 quicksilver dragons
  A tengu reaver (Vaults:5)
  4 ancient champions
  2 azure jellies (Slime:5)
  A revenant (Crypt:3)
  A demonspawn warmonger (Pan)
  2 rockslimes (Slime:5)
  A draconian knight (IceCv)
  2 emperor scorpions (Spider:1)
  4 ghost moths
  4 deep elf sorcerers
  4 balrugs (Pan)
  2 vault wardens (Vaults:5)
  Louise (Swamp:4)
  3 ironbound preservers
  A deep elf elementalist (Elf:3)
  A curse skull (Crypt:3)
  2 quicksilver oozes (Slime:5)
  2 broodmothers
  7 cacodemons (Pan)
  2 demonspawn blood saints (Pan)
  A reaper (Pan)
  A caustic shrike skeleton (Abyss:3)
  4 very ugly things
  3 stone giants (Vaults:5)
  A deep elf demonologist (Elf:3)
  3 demonspawn black suns (Pan)
  4 spark wasps
  A lorocyproca (Pan)
  4 white draconians
  4 dire elephants (Vaults:2)
  An eidolon (Crypt:3)
  5 blizzard demons (Pan)
  3 deep elf death magi (Elf:3)
  A jiangshi (Crypt:3)
  A green death (Pan)
  A slime creature (Slime:5)
  3 yaktaur captains
  2 entropy weavers (Spider:2)
  2 deep elf high priests (Elf:3)
  A great orb of eyes (Slime:5)
  2 vault guards (Vaults:2)
  3 jorogumos
  4 hydras (Swamp:4)
  A radroach (Spider:4)
  An alligator (Swamp:4)
  A boulder beetle (Spider:4)
  2 centaur warriors (Vaults:2)
  A death knight (Crypt:3)
  A deep troll earth mage (Depths:4)
  A spriggan berserker (Swamp:4)
  3 soul eaters
  2 deep elf knights
  2 hell knights (Depths:3)
  A wretched star (Abyss:4)
  10 sun demons
  2 pharaoh ants (Spider:3)
  3 shadow wraiths (Crypt:3)
  3 sixfirhies (Pan)
  10 orb spiders
  2 flayed ghosts (Crypt:3)
  8 skeletal warriors (Crypt:3)
  10 large abominations
  4 deep trolls
  3 swamp dragons (Swamp:4)
  A shadow demon (Pan)
  A bunyip skeleton (Crypt:3)
  A glowing orange brain (Depths:4)
  4 phantasmal warriors
  3 ironbound convokers
  2 deep elf pyromancers (Elf:3)
  11 wolf spiders
  2 necromancers
  An iron dragon zombie (Crypt:3)
  2 steelbarb worms (Spider:2)
  A deep elf zephyrmancer (Elf:3)
  4 shining eyes
  2 mana vipers (WizLab)
  2 ugly things
  A worldbinder (Abyss:3)
  2 moths of wrath (Spider:1)
  A rust devil (Pan)
  3 vault sentinels
  An eye of devastation (Slime:5)
  2 storm dragon simulacra (IceCv)
  A black draconian zombie (Crypt:3)
  3 demonic crawlers
  An alligator snapping turtle zombie (Abyss:3)
  3 orange demons (Pan)
  An unseen horror (Abyss:3)
  A smoke demon (Pan)
  3 hellions (Pan)
  3 yaktaurs
  A freezing wraith (Hell)
  2 tormentors (Pan)
  A red devil (Hell)
  2 meliai (Spider:2)
  2 ancient zymes
  12 tarantellas
  A blink frog (Abyss:3)
  13 jumping spiders
  11 culicivoras
  A flying skull (Crypt:3)
  A wraith (Crypt:3)
  4 golden eyes (Pan)
  4 ynoxinuls (Pan)
  15 neqoxecs (Pan)
  26 redbacks
  4 vampire mosquitoes (Swamp:4)
  3 chaos spawn
  3 hell hounds (Pan)
  2 swamp drakes (Swamp:4)
  2 floating eyes (Pan)
  An ice dragon simulacrum (IceCv)
  4 boggarts (Vaults:2)
  A lindwurm simulacrum (IceCv)
  3 starcursed masses
  An iron imp (Abyss:3)
  A tengu skeleton (Crypt:3)
  2 mummies (Crypt:3)
  A river rat skeleton (Crypt:3)
  A fire vortex (Pan)
  2 starspawn tentacles
392 creatures vanquished.

Vanquished Creatures (others)
  A fire giant (Depths:2)
  A balrug (Pan)
  2 vault guards (Vaults:5)
  A deep elf high priest (Elf:3)
  2 caustic shrike simulacra (Crypt:2)
  A soul eater (Pan)
  A steelbarb worm (Spider:4)
  A necromancer (Depths:2)
  3 tarantellas
  2 culicivoras (Spider:4)
  A black mamba skeleton (Crypt:2)
  A fire elemental (Elf:1)
  3 redbacks (Spider:4)
  A demonic plant (Abyss:4)
  A fire vortex (Pan)
  68 foxfires
  23 fungi
  48 plants
  9 starspawn tentacles
  5 withered plants (Lair:4)
175 creatures vanquished.

Grand Total: 3043 creatures vanquished

Notes
Turn   | Place    | Note
-------+----------+-------------------------------------------
     0 | D:1      | Arzdou the Merfolk Monk began the quest for the Orb.
     0 | D:1      | Reached XP level 1. HP: 18/18 MP: 1/1
   154 | D:1      | Reached XP level 2. HP: 24/24 MP: 2/2
   398 | D:1      | Found a faded altar of an unknown god.
   405 | D:1      | Reached XP level 3. HP: 29/30 MP: 3/3
   877 | D:2      | Noticed Robin
   894 | D:2      | Killed Robin
   895 | D:2      | Reached XP level 4. HP: 17/37 MP: 4/4
   931 | D:2      | Reached skill level 5 in Dodging
  1314 | D:2      | Reached XP level 5. HP: 43/43 MP: 5/5
  2104 | D:2      | Reached skill level 5 in Long Blades
  2441 | D:2      | Reached XP level 6. HP: 40/50 MP: 6/6
  2487 | D:2      | Reached skill level 5 in Fighting
  2617 | D:3      | Identified the +3 chain mail of Space {rPois Int+3 Dex+3
                  | Slay-6}
  3371 | D:4      | Noticed Natasha
  3380 | D:4      | Killed Natasha
  3616 | D:4      | Noticed Blork the orc
  3630 | D:4      | Killed Blork the orc
  3631 | D:4      | Reached XP level 7. HP: 18/56 MP: 7/7
  4416 | D:4      | Noticed Natasha
  4431 | D:4      | Killed Natasha
  4565 | D:4      | Noticed Natasha
  4573 | D:4      | Killed Natasha
  4634 | D:5      | Entered Level 5 of the Dungeon
  4764 | D:5      | Found Solups's Self-Improvement Boutique.
  4775 | D:5      | Found a sparkling altar of Nemelex Xobeh.
  4984 | D:5      | Reached XP level 8. HP: 26/62 MP: 8/8
  5959 | D:6      | Reached skill level 10 in Long Blades
  5970 | D:6      | Found Momamy's Distillery.
  6048 | D:6      | Bought a potion of curing for 45 gold pieces
  6335 | D:6      | Noticed Edmund
  6344 | D:6      | Killed Edmund
  6379 | D:6      | Noticed Prince Ribbit
  6391 | D:6      | Killed Prince Ribbit
  6546 | D:6      | Noticed Pikel
  6933 | D:6      | Reached skill level 10 in Dodging
  6933 | D:6      | Reached XP level 9. HP: 55/68 MP: 9/9
  7477 | D:7      | Noticed a hornet
  7633 | D:6      | Killed Pikel
  7800 | D:7      | Identified the +5 trident of Fate {heavy, *Noise +Blink
                  | rF+}
  8180 | D:7      | Found a staircase to the Ecumenical Temple.
  8186 | Temple   | Entered the Ecumenical Temple
  8272 | Temple   | Became a worshipper of the Shining One
  8272 | Temple   | Reached * piety under the Shining One
  8272 | Temple   | Reached ** piety under the Shining One
  8290 | D:7      | Killed a hornet
  8577 | D:8      | Reached XP level 10. HP: 82/82 MP: 10/10
  8590 | D:8      | Found a blossoming altar of Fedhas.
  8714 | D:8      | Reached skill level 10 in Fighting
  8789 | D:8      | Noticed an elephant
  8986 | D:8      | Found a snail-covered altar of Cheibriados.
  8986 | D:8      | Found a hazy altar of Hepliaklqana.
  9161 | D:8      | Found a staircase to the Lair.
  9222 | D:8      | Found Suonwow's Book Boutique.
  9594 | D:8      | Killed an elephant
  9669 | D:6      | Bought a potion of haste for 150 gold pieces
 10405 | D:9      | Found Ybry's Distillery.
 10423 | D:9      | Reached skill level 1 in Invocations
 10671 | D:9      | Bought a potion of cancellation for 96 gold pieces
 10671 | D:9      | Bought a potion of resistance for 120 gold pieces
 10682 | D:9      | Found Lohatoco's Jewellery Boutique.
 10873 | D:9      | Reached XP level 11. HP: 53/95 MP: 13/13
 11273 | D:10     | Entered Level 10 of the Dungeon
 11466 | D:10     | Reached skill level 1 in Shields
 11470 | D:10     | Reached skill level 5 in Invocations
 11965 | D:10     | Reached *** piety under the Shining One
 12402 | D:10     | Noticed a two-headed ogre
 12413 | D:10     | Killed a two-headed ogre
 12841 | D:10     | Found a portal to a secret trove of treasure.
 13008 | D:11     | Noticed Snorg
 13021 | D:11     | Killed Snorg
 13232 | D:11     | Noticed Nergalle
 13250 | D:11     | Killed Nergalle
 13306 | D:11     | Found Vesulor's Magic Scroll Boutique.
 13309 | D:11     | Noticed a red ugly thing
 13325 | D:11     | Killed a red ugly thing
 13335 | D:11     | Reached XP level 12. HP: 71/102 MP: 17/17
 13366 | D:11     | Bought a scroll of teleportation for 36 gold pieces
 13381 | D:11     | Identified the amulet of Dull {Spirit +Blink rPois rCorr
                  | Str-2}
 13441 | D:11     | Reached skill level 5 in Shields
 13552 | D:11     | Found a staircase to the Orcish Mines.
 13672 | D:11     | Noticed Harold
 13684 | D:11     | Killed Harold
 13828 | Lair:1   | Entered Level 1 of the Lair of Beasts
 14155 | Lair:1   | Noticed a catoblepas
 14321 | Lair:1   | Noticed a boulder beetle
 14368 | D:8      | Killed a catoblepas
 14369 | D:8      | Reached skill level 1 in Evocations
 14410 | Lair:1   | Killed a boulder beetle
 15288 | Lair:2   | Identified the +0 war axe "Rogeotariv" {heavy, Str+2 Int+6}
 15569 | Lair:2   | Reached skill level 5 in Evocations
 16037 | Lair:2   | Found a glowing silver altar of Zin.
 16318 | Lair:3   | Found a hole to the Spider Nest.
 17238 | Lair:3   | Found a staircase to the Swamp.
 17604 | Lair:3   | Identified a scroll of acquirement
 17604 | Lair:3   | Acquired 904 gold pieces
 17730 | D:9      | Bought a +4 ring of protection for 612 gold pieces
 17909 | Lair:4   | Reached XP level 13. HP: 109/109 MP: 19/19
 18399 | Lair:5   | Entered Level 5 of the Lair of Beasts
 18442 | Lair:5   | Found a staircase to the Slime Pits.
 18442 | Lair:5   | Found a viscous altar of Jiyva.
 18764 | Lair:5   | Reached skill level 15 in Dodging
 19101 | Lair:5   | Noticed a fire dragon
 19135 | Lair:5   | Reached **** piety under the Shining One
 19533 | Lair:5   | Killed a fire dragon
 19534 | Lair:5   | Reached skill level 15 in Fighting
 19534 | Lair:5   | Reached XP level 14. HP: 101/123 MP: 12/20
 20096 | Lair:5   | Found a runed translucent door.
 22966 | D:12     | Identified the +2 robe of the Haunted Elephant {rC+ Str+3
                  | Int+3}
 23301 | D:13     | Identified the +2 robe of Dim Light {rPois Str-3 Dex+3
                  | Archmagi}
 23335 | D:13     | Reached ***** piety under the Shining One
 23502 | D:13     | Found a gate to the Vaults.
 23782 | D:13     | Reached XP level 15. HP: 133/133 MP: 21/21
 24349 | Orc:1    | Entered Level 1 of the Orcish Mines
 24725 | Orc:2    | Entered Level 2 of the Orcish Mines
 25285 | Orc:2    | Found a staircase to the Elven Halls.
 25288 | Orc:2    | Found Sikkoih's Jewellery Boutique.
 25441 | Orc:2    | Gained mutation: You are dopey. (Int -2) [a neqoxec]
 25447 | Orc:2    | Gained mutation: You occasionally shout uncontrollably at
                  | your foes. [a neqoxec]
 25448 | Orc:2    | Gained mutation: You frequently scream uncontrollably at
                  | your foes. [a neqoxec]
 25534 | Orc:2    | Lost mutation: You are dopey. (Int -2) [potion of mutation]
 25534 | Orc:2    | Lost mutation: You frequently scream uncontrollably at your
                  | foes. [potion of mutation]
 25534 | Orc:2    | Lost mutation: You occasionally shout uncontrollably at
                  | your foes. [potion of mutation]
 25534 | Orc:2    | Gained mutation: Your spells are a little easier to cast,
                  | but a little less powerful. [potion of mutation]
 25534 | Orc:2    | Gained mutation: You have a somewhat thin skeletal
                  | structure. (Dex +2, Stealth+) [potion of mutation]
 25534 | Orc:2    | Gained mutation: You possess an exceptional clarity of
                  | mind. [potion of mutation]
 25623 | Orc:2    | Reached ****** piety under the Shining One
 25853 | Orc:2    | Found Unkath's Assorted Antiques.
 25856 | Orc:2    | Found Gowupt's Jewellery Emporium.
 25857 | Orc:2    | Found Seasuul's Distillery.
 25858 | Orc:2    | Found Ruec Fuo's Magic Scroll Shoppe.
 25864 | Orc:2    | Bought a scroll of blinking for 105 gold pieces
 25864 | Orc:2    | Bought a scroll of fear for 56 gold pieces
 25937 | Orc:2    | Bought the ring of the Tempest {rElec rF+ EV+5} for 741
                  | gold pieces
 26113 | Swamp:1  | Entered Level 1 of the Swamp
 26975 | D:14     | Found a frozen archway.
 26989 | IceCv    | Entered an ice cave
 27606 | IceCv    | Noticed a white draconian knight
 28002 | IceCv    | Killed a white draconian knight
 28213 | IceCv    | Identified the amulet of Coduutu {RegenMP rPois Str+3
                  | Dex+4}
 28378 | D:14     | Reached XP level 16. HP: 143/143 MP: 22/22
 28619 | D:14     | Found Qofuip's Magic Scroll Boutique.
 28626 | D:14     | Bought a scroll of fear for 52 gold pieces
 28626 | D:14     | Bought a scroll of teleportation for 39 gold pieces
 28941 | D:14     | Found a broken altar of Ashenzari.
 29027 | D:15     | Entered Level 15 of the Dungeon
 29027 | D:15     | Found Kistruw's Distillery.
 29059 | D:15     | Bought a potion of might for 68 gold pieces
 29059 | D:15     | Bought a potion of heal wounds for 85 gold pieces
 29475 | D:15     | Found a staircase to the Depths.
 30064 | Depths:1 | Entered Level 1 of the Depths
 30207 | Depths:1 | Found a one-way gateway to a ziggurat.
 30277 | Depths:1 | HP: 6/143 [deep troll (6)]
 30283 | Depths:1 | Reached skill level 10 in Shields
 30304 | Depths:1 | Reached skill level 15 in Long Blades
 30476 | D:15     | Acquired a manual of Evocations
 31601 | Swamp:3  | Found a shimmering altar of Xom.
 31706 | Swamp:3  | Reached XP level 17. HP: 149/149 MP: 23/23
 32390 | Swamp:4  | Entered Level 4 of the Swamp
 32829 | Swamp:4  | Noticed Louise
 32852 | Swamp:4  | Reached skill level 10 in Invocations
 32910 | Swamp:4  | Killed Louise
 32911 | Swamp:4  | Reached skill level 10 in Evocations
 33351 | Swamp:4  | Noticed the 27-headed Lernaean hydra
 33359 | Swamp:4  | Killed the 24-headed Lernaean hydra
 33523 | Swamp:4  | Got a decaying rune of Zot
 34196 | Spider:1 | Entered Level 1 of the Spider Nest
 34216 | Spider:1 | Noticed Rupert
 34230 | Spider:1 | Killed Rupert
 34390 | Spider:1 | Reached XP level 18. HP: 137/157 MP: 22/27
 34620 | Spider:1 | Identified the +0 scale mail "Uhiu" {Regen+ Stlth+}
 34652 | Spider:1 | Identified the +1 robe of Lechetat {rF+ rCorr}
 34992 | Spider:2 | Reached skill level 15 in Evocations
 36115 | Spider:4 | Entered Level 4 of the Spider Nest
 36527 | Spider:4 | Reached XP level 19. HP: 162/163 MP: 0/30
 36528 | Spider:4 | Reached skill level 15 in Invocations
 36731 | Spider:4 | Noticed Mara
 36870 | Spider:4 | Noticed Nikola
 37032 | Spider:4 | Noticed Arzdou's illusion
 37416 | Spider:4 | Noticed Arzdou's illusion
 37629 | Spider:4 | Noticed Arzdou's illusion
 37752 | Spider:4 | Noticed Arzdou's illusion
 37882 | Spider:4 | Noticed Arzdou's illusion
 37951 | Spider:4 | Killed Mara
 38016 | Spider:4 | Killed Nikola
 38428 | Spider:4 | Identified the scarf "Suzogy" {+Inv, rC+ Int+3}
 38437 | Spider:4 | Got a gossamer rune of Zot
 39071 | D:9      | Bought a potion of might for 48 gold pieces
 39071 | D:9      | Bought a potion of curing for 36 gold pieces
 39071 | D:9      | Bought 2 potions of cancellation for 192 gold pieces
 39071 | D:9      | Bought a potion of heal wounds for 60 gold pieces
 39071 | D:9      | Bought a potion of curing for 36 gold pieces
 39123 | D:11     | Bought a scroll of magic mapping for 90 gold pieces
 39123 | D:11     | Bought a scroll of fear for 48 gold pieces
 39123 | D:11     | Bought a scroll of poison for 48 gold pieces
 39123 | D:11     | Bought a scroll of silence for 114 gold pieces
 39235 | Orc:2    | Bought a sapphire potion for 25 gold pieces
 39235 | Orc:2    | Bought a potion of curing for 84 gold pieces
 39236 | Orc:2    | Bought a scroll of identify for 28 gold pieces
 39236 | Orc:2    | Bought a scroll of summoning for 133 gold pieces
 39245 | Orc:2    | Bought a potion of curing for 51 gold pieces
 39245 | Orc:2    | Bought 2 potions of might for 136 gold pieces
 39434 | D:15     | Bought a potion of cancellation for 136 gold pieces
 39434 | D:15     | Bought a potion of magic for 136 gold pieces
 40323 | Depths:2 | Found a one-way gate to the infinite horrors of the Abyss.
 40453 | Depths:2 | Lost mutation: You possess an exceptional clarity of mind.
                  | [a neqoxec]
 40454 | Depths:2 | Found a one-way gate leading to the halls of Pandemonium.
 40621 | Depths:2 | Paralysed by a vampire knight for 5 turns
 40885 | Depths:2 | Noticed a walking crystal tome
 40916 | Depths:2 | Killed a walking crystal tome
 41027 | Depths:2 | Noticed a caustic shrike
 41047 | Depths:2 | Killed a caustic shrike
 41119 | Depths:2 | Noticed a golden dragon
 41128 | Depths:2 | Noticed a walking crystal tome
 41137 | Depths:2 | Killed a golden dragon
 41148 | Depths:2 | Killed a walking crystal tome
 41277 | Depths:2 | Identified the +0 battleaxe of Circularity {freeze, Will+
                  | Str+2 Dex+4 SInv}
 41406 | Depths:2 | Reached XP level 20. HP: 175/176 MP: 25/31
 41579 | Depths:2 | Found an ancient bone altar of Kikubaaqudgha.
 41714 | Depths:2 | Noticed Margery
 41741 | Depths:2 | Killed Margery
 42065 | Depths:2 | Identified a +7 eudemon blade of holy wrath (a +5 heavy
                  | demon blade blessed by the Shining One)
 42065 | Depths:2 | Received a gift from the Shining One
 42133 | Depths:2 | Found a gateway to Hell.
 43061 | Depths:3 | Noticed a golden dragon
 43069 | Depths:4 | Entered Level 4 of the Depths
 43114 | Depths:4 | Killed a golden dragon
 43303 | Depths:3 | Reached skill level 1 in Armour
 43529 | Depths:3 | Found Yddimpeu's General Store.
 43529 | Depths:3 | Found Raxteodi's Magic Scroll Shop.
 43550 | Depths:3 | Bought 3 scrolls of blinking for 450 gold pieces
 45108 | Depths:4 | Noticed a golden dragon
 45136 | Depths:4 | Killed a golden dragon
 45353 | Depths:4 | Reached XP level 21. HP: 172/186 MP: 29/33
 45371 | Depths:4 | Reached skill level 5 in Armour
 45560 | Depths:4 | Found a bloodstained altar of Trog.
 45908 | Depths:4 | Identified the +0 plate armour "Ysiog" {*Slow rElec rN++
                  | Dex+2}
 46427 | Depths:4 | Found a gate to the Realm of Zot.
 46802 | Elf:1    | Entered Level 1 of the Elven Halls
 46907 | Elf:1    | Found Tarphyaq's Armour Boutique.
 47093 | Elf:1    | Noticed Azrael
 47105 | Elf:1    | Killed Azrael
 47167 | Elf:1    | Got Xarobb's Secrets of Hazy Corruption
 47955 | Elf:2    | Found a runed translucent gate.
 47962 | Elf:2    | Found Yxtacire's Weapon Boutique.
 47985 | Elf:2    | Found a magical portal.
 47991 | WizLab   | Entered Yara's Duelist Academy
 48437 | WizLab   | Noticed Zuuteg
 48445 | WizLab   | Killed Zuuteg the Head Instructor
 48476 | WizLab   | Got Yara's Vellum of the New World
 48630 | WizLab   | Got Yara's Grimoire of the Maleficium
 48767 | Elf:2    | Found Roadid's Jewellery Shoppe.
 48769 | Elf:2    | Found Ugoabb's Assorted Antiques.
 48772 | Elf:2    | Found Akosa's Jewellery Shoppe.
 48777 | Elf:2    | Bought a potion of heal wounds for 155 gold pieces
 49051 | Elf:2    | Found a runed translucent gate.
 49052 | Elf:2    | Found a runed translucent gate.
 49461 | Elf:2    | Reached XP level 22. HP: 152/196 MP: 24/35
 49841 | Elf:3    | Entered Level 3 of the Elven Halls
 49848 | Elf:3    | Paralysed by an air elemental for 1 turns
 49851 | Elf:3    | Paralysed by an air elemental for 1 turns
 49856 | Elf:3    | Paralysed by an air elemental for 1 turns
 50081 | Elf:3    | Found Suwnoa's Armour Emporium.
 50760 | Elf:3    | Identified the ring of the Cricket {Drain rElec rF+ Str+3}
 50794 | Abyss:3  | Cast into level 3 of the Abyss (a deep elf demonologist)
 51602 | Abyss:4  | Got an abyssal rune of Zot
 51617 | Elf:3    | Escaped the Abyss
 51631 | Elf:3    | HP: 2/200 [Executioner[a deep elf demonologist] (10)]
 51995 | Elf:3    | Identified the +0 lajatang "Viyl Waol" {flame, *Noise rPois
                  | Dex+7}
 52067 | Elf:3    | Identified the +9 flail of Lisidweiza {freeze, rElec Str+4}
 52076 | Elf:3    | Reached XP level 23. HP: 207/207 MP: 37/37
 52265 | Elf:3    | Identified the staff of cold "Anuustah" {rC+ rN+}
 52768 | D:6      | Bought a potion of magic for 120 gold pieces
 52768 | D:6      | Bought a potion of magic for 120 gold pieces
 52768 | D:6      | Bought a potion of heal wounds for 75 gold pieces
 52879 | D:10     | You showed the abyssal rune of Zot to enter a treasure
                  | trove
 52880 | Trove    | Entered a treasure trove
 52882 | Trove    | Found the +15 Maxwell's patent armour {-Cast -Tele rElec
                  | Will+ rCorr}
 52884 | Trove    | Identified the +0 ring mail of Sootham {rElec rC+ rN+}
 52886 | Trove    | Identified the +0 buckler of Voffumne {Rampage Int+3 Dex-3
                  | SInv}
 52887 | Trove    | Identified the +1 helmet of the Desolation of Salt {Harm
                  | rC+}
 52888 | Trove    | Identified the +2 helmet "Xamouv" {+Blink rElec Dex+4}
 52889 | Trove    | Identified the +0 helmet "Ucluaxu" {Contam rPois rN+
                  | Regen+}
 52891 | Trove    | Identified the +0 cloak of Jamargh {Dex+2}
 52892 | Trove    | Identified the +1 scale mail of the Moon {rElec rN+}
 52896 | Trove    | Identified the scarf of Salvation {+Inv, Int+5}
 52899 | Trove    | Identified the +4 plate armour of Duck's Teeth {rN+ Regen+
                  | Dex+3}
 52900 | Trove    | Identified the +2 plate armour of the Invisible Hand
                  | {Int+2}
 53065 | Vaults:1 | Entered Level 1 of the Vaults
 53520 | Vaults:1 | Found Vumig's Antique Armour Emporium.
 53531 | Vaults:1 | Bought a distressingly furry robe for 136 gold pieces
 53531 | Vaults:1 | Identified the +0 robe "Zuckopt" {Rampage Stlth+} (You
                  | bought it in a shop on level 1 of the Vaults)
 54623 | Vaults:2 | Noticed Mennas
 54669 | Vaults:2 | Killed Mennas
 56045 | Vaults:2 | Found a staircase to the Crypt.
 56466 | Vaults:3 | Reached XP level 24. HP: 194/219 MP: 29/37
 56468 | Vaults:3 | Paralysed by a great orb of eyes for 2 turns
 56874 | Vaults:3 | You fall into a shaft and drop 1 floor!
 58122 | Vaults:4 | Paralysed by a great orb of eyes for 5 turns
 58262 | Vaults:4 | Found a runed translucent door.
 58980 | Vaults:5 | Entered Level 5 of the Vaults
 59088 | Vaults:4 | Reached skill level 1 in Spellcasting
 59102 | Vaults:4 | Identified the +7 spear "Sonil" {flame, rPois}
 59192 | Vaults:5 | Reached skill level 1 in Ice Magic
 59529 | Crypt:1  | Entered Level 1 of the Crypt
 59635 | Crypt:1  | Noticed an ancient lich
 59645 | Crypt:1  | Killed an ancient lich
 59724 | Crypt:1  | Reached skill level 5 in Ice Magic
 60023 | Crypt:1  | Reached XP level 25. HP: 226/230 MP: 37/37
 60530 | Slime:1  | Entered Level 1 of the Pits of Slime
 60555 | Slime:1  | Reached skill level 5 in Spellcasting
 61375 | Slime:5  | Entered Level 5 of the Pits of Slime
 61493 | Slime:5  | Gained mutation: You do not regenerate when monsters are
                  | visible. [a shining eye]
 61496 | Slime:4  | Gained mutation: Your magical capacity is low. (-10% MP) [a
                  | shining eye]
 61505 | Slime:4  | Lost mutation: Your magical capacity is low. (-10% MP)
                  | [potion of mutation]
 61505 | Slime:4  | Lost mutation: You do not regenerate when monsters are
                  | visible. [potion of mutation]
 61505 | Slime:4  | Lost mutation: You have a somewhat thin skeletal structure.
                  | (Dex +2, Stealth+) [potion of mutation]
 61505 | Slime:4  | Gained mutation: You expend magic power (3 MP) to
                  | strengthen your wands. [potion of mutation]
 61505 | Slime:4  | Gained mutation: You have a pair of small horns on your
                  | head. [potion of mutation]
 61714 | Slime:4  | Reached skill level 10 in Ice Magic
 61772 | Slime:5  | Gained mutation: You are frail. (-10% HP) [a shining eye]
 61779 | Slime:4  | Lost mutation: You are frail. (-10% HP) [potion of
                  | mutation]
 61779 | Slime:4  | Lost mutation: You have a pair of small horns on your head.
                  | [potion of mutation]
 61779 | Slime:4  | Lost mutation: You expend magic power (3 MP) to strengthen
                  | your wands. [potion of mutation]
 61779 | Slime:4  | Gained mutation: You are partially covered in iridescent
                  | scales. (AC +2) [potion of mutation]
 61779 | Slime:4  | Gained mutation: Your body sometimes deteriorates upon
                  | taking damage. [potion of mutation]
 61779 | Slime:4  | Gained mutation: Your muscles are strong. (Str +4, Int/Dex
                  | -1) [potion of mutation]
 61843 | Slime:5  | Noticed the Royal Jelly
 61844 | Slime:5  | Found a viscous altar of Jiyva.
 62039 | Slime:5  | Killed the Royal Jelly
 62207 | Slime:5  | Identified the staff of air "Toiwepto" {rElec Will+ Str+4}
 62230 | Slime:5  | Identified the +3 dire flail of the Ancients {vamp, rC+
                  | Str+3}
 62267 | Slime:5  | Got a slimy rune of Zot
 62284 | Slime:5  | Identified the staff of fire "Cire" {rF+ rN++ Int-2 Dex+3}
 62324 | Slime:5  | Identified the +1 plate armour of Raudoy {-Tele Rampage
                  | rCorr Dex+5}
 62373 | Slime:5  | Identified the +8 spear of Xayff {flame, Str+5 Int+4 Dex-3}
 62911 | Vaults:5 | Identified the staff of poison "Zauc" {rPois rN+ Will++
                  | Str-3 Dex+2}
 62913 | Vaults:5 | Noticed a dread lich
 63899 | Crypt:2  | Identified the ring of Generosity {Ice *Corrode Fly rElec
                  | SInv}
 63899 | Crypt:2  | Noticed Josephina
 63916 | Crypt:2  | Killed Josephina
 63917 | Crypt:2  | Reached skill level 15 in Ice Magic
 64284 | Crypt:3  | Entered Level 3 of the Crypt
 64288 | Crypt:3  | Paralysed by a vampire knight for 5 turns
 64483 | Vaults:5 | Reached XP level 26. HP: 233/238 MP: 5/37
 64496 | Vaults:5 | Paralysed by a dread lich for 2 turns
 64497 | Vaults:5 | Killed a dread lich
 64690 | Vaults:5 | Identified the +0 plate armour of the Big Bang {rF+ Will-
                  | Dex+3}
 64700 | Vaults:5 | Identified the +2 pair of gloves "Ymaanogy" {Dex+3}
 64979 | Vaults:5 | Reached skill level 10 in Spellcasting
 65010 | Vaults:5 | Identified the +0 gold dragon scales of the Big Bang {Harm
                  | rPois rF+ rC+ rN+ Regen+}
 65106 | Vaults:5 | Got a silver rune of Zot
 65146 | Vaults:5 | Learned a level 2 spell: Blink
 65154 | Vaults:5 | Learned a level 7 spell: Ozocubu's Refrigeration
 65164 | Vaults:5 | Learned a level 9 spell: Polar Vortex
 65164 | Vaults:5 | Identified the +1 robe of Jeelipuwe {rC- Str+2 Dex+6}
 66180 | Hell     | Entered the Vestibule of Hell
 66181 | Hell     | Noticed Geryon
 66218 | Hell     | Killed Geryon
 66281 | Hell     | Found a gateway to the decaying netherworld of Tartarus.
 66302 | Hell     | Paralysed by a vampire knight for 2 turns
 66453 | Hell     | Found a gateway to the freezing wastes of Cocytus.
 66501 | Hell     | Found a gateway to the ashen valley of Gehenna.
 66692 | Hell     | Found a gateway to the Iron City of Dis.
 67293 | Zot:1    | Entered Level 1 of the Realm of Zot
 68537 | Zot:2    | Reached XP level 27. HP: 125/245 MP: 20/38
 68736 | Zot:2    | Identified the +2 helmet of the Spheres {rElec Str+6 Int-3
                  | Dex+3}
 68868 | Zot:2    | Identified the ring of Exhibitionism {rC+ MP+9}
 69729 | Zot:2    | Found the sphere of Battle
 70851 | Elf:1    | Bought the +4 chain mail of the Arcane {Drain rF++ rC+ rN+
                  | rCorr} for 1143 gold pieces
 70911 | Elf:2    | Bought the macabre finger necklace {Finger+ rN+} for 680
                  | gold pieces
 70911 | Elf:2    | Found the macabre finger necklace {Finger+ rN+}
 73486 | Zot:4    | Reached skill level 15 in Shields
 73545 | Zot:4    | Acquired the +3 pair of gloves "Dorut" {Will+ Dex+4}
 74816 | Crypt:3  | Noticed Khufu
 74821 | Crypt:3  | Noticed a royal mummy
 74831 | Crypt:3  | Killed Khufu
 74833 | Crypt:3  | Killed a royal mummy
 74982 | Crypt:3  | Found the +9 sword of Zonguldrok {reap}
 75479 | Crypt:3  | Found a staircase to the Tomb.
 75618 | Crypt:3  | Noticed an ancient lich
 75628 | Crypt:3  | Killed an ancient lich
 75656 | Crypt:3  | Got Niefa's Book of Hypothermia and the Swarm
 75658 | Crypt:3  | Identified the +5 short sword of Geun {freeze, rElec Str+3
                  | Dex+3}
 76386 | Depths:3 | Bought a scroll of fear for 80 gold pieces
 76386 | Depths:3 | Bought a scroll of enchant armour for 150 gold pieces
 76386 | Depths:3 | Bought a scroll of fog for 80 gold pieces
 76386 | Depths:3 | Bought a scroll of teleportation for 60 gold pieces
 77159 | Zot:5    | Entered Level 5 of the Realm of Zot
 77608 | Zot:5    | Noticed an orb of fire
 77678 | Zot:5    | Reached skill level 10 in Armour
 77683 | Zot:5    | Killed an orb of fire
 77734 | Zot:4    | Lost mutation: You are partially covered in iridescent
                  | scales. (AC +2) [potion of mutation]
 77734 | Zot:4    | Lost mutation: Your body sometimes deteriorates upon taking
                  | damage. [potion of mutation]
 77734 | Zot:4    | Gained mutation: You do not regenerate when monsters are
                  | visible. [potion of mutation]
 77734 | Zot:4    | Gained mutation: You are partially covered in iridescent
                  | scales. (AC +2) [potion of mutation]
 77735 | Zot:4    | Lost mutation: You are partially covered in iridescent
                  | scales. (AC +2) [potion of mutation]
 77735 | Zot:4    | Lost mutation: Your spells are a little easier to cast, but
                  | a little less powerful. [potion of mutation]
 77735 | Zot:4    | Lost mutation: You do not regenerate when monsters are
                  | visible. [potion of mutation]
 77735 | Zot:4    | Gained mutation: Your system is resistant to poisons.
                  | (rPois) [potion of mutation]
 78599 | Zot:5    | Noticed an orb of fire
 78609 | Zot:5    | Lost mutation: Your muscles are strong. (Str +4, Int/Dex
                  | -1) [an orb of fire]
 78616 | Zot:5    | Gained mutation: Potions are less effective at restoring
                  | your health. [an orb of fire]
 78618 | Zot:5    | Gained mutation: You are weak. (Str -2) [an orb of fire]
 78620 | Zot:4    | Gained mutation: Armour fits poorly on your strangely
                  | shaped body. [an orb of fire]
 78621 | Zot:4    | Gained mutation: You are very weak. (Str -4) [an orb of
                  | fire]
 78622 | Zot:4    | Gained mutation: Your body sometimes deteriorates upon
                  | taking damage. [an orb of fire]
 78627 | Zot:4    | Gained mutation: You are dopey. (Int -2) [an orb of fire]
 78631 | Zot:4    | Killed an orb of fire
 78632 | Zot:4    | Lost mutation: Armour fits poorly on your strangely shaped
                  | body. [potion of mutation]
 78632 | Zot:4    | Lost mutation: Potions are less effective at restoring your
                  | health. [potion of mutation]
 78632 | Zot:4    | Gained mutation: Potions are less effective at restoring
                  | your health. [potion of mutation]
 78632 | Zot:4    | Gained mutation: Your movements are slightly less
                  | encumbered by armour. (ER -2) [potion of mutation]
 78632 | Zot:4    | Gained mutation: You are agile. (Dex +4, Str/Int -1)
                  | [potion of mutation]
 78633 | Zot:4    | Lost mutation: Your body sometimes deteriorates upon taking
                  | damage. [potion of mutation]
 78633 | Zot:4    | Lost mutation: Your system is resistant to poisons. (rPois)
                  | [potion of mutation]
 78951 | Zot:4    | Lost mutation: Your movements are slightly less encumbered
                  | by armour. (ER -2) [potion of mutation]
 78951 | Zot:4    | Lost mutation: You are very weak. (Str -4) [potion of
                  | mutation]
 78951 | Zot:4    | Lost mutation: Potions are less effective at restoring your
                  | health. [potion of mutation]
 78951 | Zot:4    | Gained mutation: Your magical capacity is low. (-10% MP)
                  | [potion of mutation]
 78951 | Zot:4    | Gained mutation: You have a pair of small antennae on your
                  | head. [potion of mutation]
 78951 | Zot:4    | Gained mutation: You have supernaturally acute eyesight.
                  | (SInv) [potion of mutation]
 78952 | Zot:4    | Lost mutation: You are weak. (Str -2) [potion of mutation]
 78952 | Zot:4    | Lost mutation: Your magical capacity is low. (-10% MP)
                  | [potion of mutation]
 78952 | Zot:4    | Lost mutation: You have a pair of small antennae on your
                  | head. [potion of mutation]
 78952 | Zot:4    | Gained mutation: You are partially covered in iridescent
                  | scales. (AC +2) [potion of mutation]
 78952 | Zot:4    | Gained mutation: You are weak. (Str -2) [potion of
                  | mutation]
 78953 | Zot:4    | Lost mutation: You are dopey. (Int -2) [potion of mutation]
 78953 | Zot:4    | Lost mutation: You are weak. (Str -2) [potion of mutation]
 78953 | Zot:4    | Lost mutation: You are partially covered in iridescent
                  | scales. (AC +2) [potion of mutation]
 78953 | Zot:4    | Gained mutation: You have a pair of small antennae on your
                  | head. [potion of mutation]
 78953 | Zot:4    | Gained mutation: You are dopey. (Int -2) [potion of
                  | mutation]
 78953 | Zot:4    | Gained mutation: Your skin changes colour to match your
                  | surroundings (Stealth+). [potion of mutation]
 78954 | Zot:4    | Lost mutation: You have supernaturally acute eyesight.
                  | (SInv) [potion of mutation]
 78954 | Zot:4    | Lost mutation: Your skin changes colour to match your
                  | surroundings (Stealth+). [potion of mutation]
 78954 | Zot:4    | Gained mutation: You are very agile. (Dex +8, Str/Int -2)
                  | [potion of mutation]
 78954 | Zot:4    | Gained mutation: You are partially covered in iridescent
                  | scales. (AC +2) [potion of mutation]
 78954 | Zot:4    | Gained mutation: Your body sometimes deteriorates upon
                  | taking damage. [potion of mutation]
 79372 | Lair:4   | Lost mutation: Your body sometimes deteriorates upon taking
                  | damage. [potion of mutation]
 79372 | Lair:4   | Lost mutation: You have a pair of small antennae on your
                  | head. [potion of mutation]
 79372 | Lair:4   | Lost mutation: You are dopey. (Int -2) [potion of mutation]
 79372 | Lair:4   | Gained mutation: Your flesh is heat resistant. (rF+)
                  | [potion of mutation]
 79372 | Lair:4   | Gained mutation: You have a pair of small horns on your
                  | head. [potion of mutation]
 79372 | Lair:4   | Gained mutation: Your system is resistant to poisons.
                  | (rPois) [potion of mutation]
 79588 | Elf:2    | Bought an amulet of regeneration for 630 gold pieces
 80238 | Elf:2    | Bought 2 potions of magic for 496 gold pieces
 80833 | Pan      | Entered Pandemonium
 80929 | Pan      | Gained mutation: You are dopey. (Int -2) [a neqoxec]
 81513 | Pan      | Noticed Makism the pandemonium lord
 81527 | Pan      | Killed Makism the pandemonium lord
 82187 | Pan      | Got the Dissertation on the Limned Fault
 82342 | Pan      | Got a demonic rune of Zot
 83020 | Pan      | Found an exit through the horrors of the Abyss.
 83254 | Pan      | Noticed Cauroll the pandemonium lord
 83265 | Pan      | Gained mutation: You occasionally lose the ability to drink
                  | potions when taking damage. [a cacodemon]
 83287 | Pan      | Gained mutation: You are weak. (Str -2) [a neqoxec]
 83571 | Pan      | Found an exit through the horrors of the Abyss.
 83680 | Pan      | Found an opulent altar of Gozag.
 83685 | Pan      | Noticed a dread lich
 83698 | Pan      | Killed a dread lich
 83724 | Pan      | Noticed Ateug the pandemonium lord
 83785 | Pan      | Entered the realm of Cerebov.
 83981 | Pan      | Identified the +2 long sword of Gefoadia {drain, Int+5}
 84038 | Pan      | Identified the +5 hand axe of Amorality {spect, rPois rF-
                  | rCorr}
 84058 | Pan      | Found the +6 sword of Cerebov {flame}
 84058 | Pan      | Noticed Cerebov
 84083 | Pan      | Killed Cerebov
 84084 | Pan      | Reached skill level 27 in Invocations
 84106 | Pan      | Identified the +2 pair of boots of Wotejof {rC+ Str+6}
 84184 | Pan      | Identified the staff of cold "Qidupn" {rC+ Dex+3}
 84185 | Pan      | Identified the staff of poison "Waxilem" {rPois rN+ Will++
                  | SInv}
 84198 | Pan      | Identified the +5 ring mail of Utteukuib {Will+ Str+3
                  | Int-4}
 84200 | Pan      | Got a fiery rune of Zot
 84208 | Pan      | Got Jotenwoh's Cyclopedia of Phantasmal Quicksand
 84218 | Pan      | Identified the +2 quarterstaff "Vichesaxze" {heavy, rN+
                  | rCorr Int-2 Dex+4}
 84249 | Pan      | Identified the +7 arbalest of Hubris {elec, Str+3}
 84311 | Pan      | Identified the +3 war axe "Fipp" {drain, rElec rF++ Str+2
                  | Int-2}
 84321 | Pan      | Entered the realm of Mnoleg.
 84338 | Pan      | Identified the +7 tower shield of the Orb {rPois}
 84346 | Pan      | Paralysed by a floating eye for 3 turns
 84374 | Pan      | Paralysed by a floating eye for 4 turns
 84388 | Pan      | Gained mutation: You are mostly covered in iridescent
                  | scales. (AC +4) [a cacodemon]
 84397 | Pan      | Noticed Mnoleg
 84413 | Pan      | Killed Mnoleg
 84505 | Pan      | Identified the +1 leather armour of the Living God {Int+3}
 84533 | Pan      | Got Vehumet's Handbook of Percussion
 84560 | Pan      | Got a glowing rune of Zot
 84857 | Pan      | Noticed Eceffef the pandemonium lord
 85083 | Pan      | Found an exit through the horrors of the Abyss.
 85174 | Pan      | Entered the realm of Gloorx Vloq.
 85250 | Pan      | Reached skill level 27 in Dodging
 86110 | Pan      | Reached skill level 27 in Fighting
 86403 | Pan      | Reached skill level 15 in Armour
 86615 | Pan      | Noticed Gloorx Vloq
 86635 | Pan      | HP: 12/249 [Gloorx Vloq] (8)]
 86635 | Pan      | Killed from afar by Gloorx Vloq

Illustrated notes

Levels and vault maps discovered:
D:1:      dpeg_arrival_castle, layout_loops_cross,
          shapermc_ecumenical_altar_starsandcircs, minmay_rat_gold_closets
D:2:      layout_basic, uniq_robin
D:3:      layout_rooms, minmay_misc_feat_roman
D:4:      layout_basic, minmay_misc_feat_rows, minmay_misc_feat_room,
          uniq_natasha, uniq_blork_the_orc
D:5:      layout_loops_ring, mainiacjoe_overflow_concentric_impassable,
          minmay_misc_feat_hallway, minivault_4, nicolae_shop_self_help
D:6:      layout_loops_cross, serial_shops, nicolae_shop_crystal, uniq_edmund,
          uniq_pikel, uniq_prince_ribbit1
D:7:      layout_basic, minmay_temple_entry_hall, serial_park_tiny_pond
D:8:      layout_basic, fedhas_altar_2, amethyst_overflow_temple_binary,
          david_lair_generic, serial_shops, shop
D:9:      layout_rooms, serial_shops, shop, nicolae_shop_just_a_little_nook
D:10:     layout_layer_cave, enter_trove_6, hive_lemuel
D:11:     layout_rooms, orc_0_dummy, kennysheep_small_circle, uniq_nergalle,
          uniq_harold, uniq_snorg
D:12:     layout_irregular_city
D:13:     layout_stronghold, erik_vaults_2, kennysheep_generic_room_8
D:14:     layout_loops_cross, serial_rivers, chequers_serial_rivers_micro_d,
          chequers_serial_rivers_room_b, chequers_serial_rivers_room_a,
          chequers_serial_rivers_small_3, chequers_serial_rivers_marsh,
          portal_ice_cave_entry_pillars_three, ashenzari_altar_1, serial_shops,
          nicolae_shop_tiny_statue_garden
D:15:     grunt_enter_depths_hoard, layout_irregular_city,
          ebering_dispersal_statue_hall, serial_shops,
          nicolae_shop_industrial_runoff, st_stairs_12,
          hangedman_abyss_or_decor_stagger
Temple:   mainiacjoe_temple_coin_purse
Lair:1:   layout_cave_pods, nzn_sisyphean_effort, serial_bayou_shore_b
Lair:2:   layout_long_grid, lemuel_oklob_altar
Lair:3:   layout_misc_corridors, minmay_swamp_entry_worms,
          nicolae_spider_entry_lesser_pyramids
Lair:4:   layout_long_grid, st_stairs_6, pdpol_lair_neglected_garden,
          beast_lair_carwin_7
Lair:5:   wormcave, layout_layer_cave, guppyfry_lair_end_dragon,
          nicolae_slime_entry_slimehenge
Swamp:1:  layout_basic_swamp, hangedman_swamp_ruin_wall, swamp_pool4
Swamp:2:  layout_basic_swamp, evilmike_swamp_ruin_house_6
Swamp:3:  layout_basic_swamp, nicolae_swamp_godswood, swamp_pool1,
          nicolae_swamp_wisp_ring_woods
Swamp:4:  swamp_old_school, layout_basic_swamp, swamp_pool4, uniq_louise
Spider:1: layout_spider_delve, hellmonk_motheaten_closet, uniq_rupert
Spider:2: layout_spider_delve, nicolae_spider_webbed_stairs,
          nicolae_spider_cling_halls
Spider:3: layout_spider_delve, nicolae_looking_at_the_future
Spider:4: grunt_spider_rune_circles, uniq_mara, uniq_nikola
Slime:1:  layout_caves, cheibrodos_slime_lost_civilization_4
Slime:2:  layout_caves, nicolae_slime_barrier
Slime:3:  layout_caves
Slime:4:  layout_caves
Slime:5
Orc:1:    layout_caves
Orc:2:    st_orc_pillars, layout_diamond_mine, basic_altar,
          minmay_shop_enchanted_jewellery
Elf:1:    elf_arrival_001, layout_gridlike, serial_shops,
          nicolae_shop_tiny_waterfront, hangedman_elf_disciples, uniq_azrael
Elf:2:    elven_hall_of_blades_hangedman_original
          [nicolae_blade_entry_sentries_behind_glass], layout_onion_city,
          serial_shops, shop, mu_enter_wizlab_4, minmay_shop_star
Elf:3:    minmay_elf_hall_not_hex, layout_loops_corners, serial_shops, shop,
          grunt_megastairs_4
Vaults:1: v_misc_8, grunt_vaults_focal, vaults_room_guarded_vault, v_rooms_3,
          nicolae_vaults_tetromino_T_1, nicolae_vaults_octothorpe,
          nicolae_vaults_more_shelving_2, vaults_room_grunt_arrival_ludios,
          v_misc_18, hangedman_vaults_stretched_pinwheel,
          layout_vaults_omnigrid, serial_shops,
          nicolae_shop_pleasant_corner_grove
Vaults:2: hangedman_vaults_impose, nicolae_vaults_what_the_h,
          nicolae_vaults_little_squares_6, nicolae_vaults_double_plus_2,
          ontoclasm_vaults_tryst, minmay_crypt_entry_skeletal_spiral, v_misc_23,
          v_rooms_2, nicolae_vaults_trapezoid_layered, ontoclasm_vaults_fault,
          nicolae_vaults_rhombus_6, nicolae_vaults_tetromino_L_2,
          vaults_dpeg_diagonal, layout_vaults_chaotic_city, uniq_mennas
Vaults:3: ontoclasm_vaults_ring_large, nicolae_vaults_minivaults,
          nicolae_vaults_network_barrier, nicolae_vaults_storage_closets_3,
          nicolae_vaults_door_testing_chamber, grunt_vaults_funnel,
          layout_vaults_omnicross
Vaults:4: nicolae_vaults_oozy_zoo, hangedman_vaults_stream,
          ontoclasm_vaults_gateway, v_misc_9, nicolae_vaults_house_1,
          nicolae_vaults_bisected_slash, nicolae_vaults_heist,
          nicolae_vaults_mitosis, nicolae_vaults_wine_cellar,
          nicolae_vaults_trapezoid_layered, nicolae_vaults_stepped_doors,
          nicolae_vaults_theta, layout_vaults_ring
Vaults:5: serial_shops
Crypt:1:  layout_regular_city, nicolae_crypt_twisting_catacombs
Crypt:2:  layout_catacombs, uniq_josephina
Crypt:3:  david_glass_crypt, layout_gridlike, nicolae_tomb_entry_rubble_hallway,
          st_stairs_2, minmay_strange_pillars, uniq_khufu
Depths:1: layout_basic, enter_ziggurat_d, pf_dread_powers_of_hell, minmay_holes,
          moated_statue, lightli_fourway_metalbox
Depths:2: minmay_sliced_demisemicircle, layout_gridville, abyss_entry,
          grunt_metal_band, serial_co_window_serial, co_window_of_opportunity_a,
          co_window_corner_a, co_window_paths_b, co_window_paths_b,
          co_window_of_opportunity_a, co_window_2corner,
          co_window_unsneaky_path_a, co_window_broadway_c,
          co_window_of_opportunity_b, rand_demon_pan_entry_8,
          nicolae_kikubaaqudgha_miasma_corner, minmay_staircase_bubble
Depths:3: minmay_polygon_palace, layout_cave_pools, grunt_hell_entry_dis_old,
          abyss_entry, minmay_shoptagon, firewood_loft
Depths:4: grunt_zot_entry_gee_three, layout_honeycomb, hell_entry, bloody_trog,
          serial_sigils_hangedman_gnaw, drop_trap
Hell
Zot:1:    layout_gridlike
Zot:2:    kennysheep_oblong_rooms, layout_cathedral_of_symmetry,
          st_small_dragon_hoard_4
Zot:3:    layout_gridlike
Zot:4:    layout_twisted_circle, grunt_megastairs_3
Zot:5:    layout_misc_corridors, hangedman_zot_decor_checkerboard
Pan:      lemuel_hall_of_pain, layout_cellular_growth, pan_blood_fountain,
          grunt_pan_spiral, layout_onion_city, pan_blood_fountain_small,
          evilmike_mini_pan_pillars, layout_gridlike, evilmike_mini_pan_thingy,
          layout_grid_shapes, uniq_ignacio, grunt_pan_pentagram,
          layout_gridville, uniq_ignacio, grunt_pan_pentagram, layout_rooms,
          evilmike_mini_pan_possible_glass, layout_basic,
          pan_blood_fountain_small, nicolae_pan_giant_door, layout_gridlike,
          grunt_pan_frozen_over, layout_cellular_growth, evilmike_mini_pan_3x3,
          layout_grid_shapes, pan_blood_fountain_small, nicolae_pan_bazaar_rune,
          layout_pan_divisions_b [pan_division_quadrant_b1,
          pan_division_quadrant_b6, pan_division_quadrant_b6,
          pan_division_quadrant_b1], nicolae_pan_gloorx_vloqian_3,
          cerebov_grunt_fire_and_steel, layout_basic, evilmike_mnoleg_eyes,
          layout_basic, evilmike_mini_pan_thingy, layout_chambers,
          pan_blood_fountain, evilmike_mini_pan_layers, layout_rooms,
          nicolae_pan_sigil_eeng, nicolae_pan_lom_lobonic_3,
          nicolae_pan_door_chamber, layout_long_grid, pan_disco_hall,
          layout_rooms, nicolae_pan_mnolegish_5, evilmike_gloorx_vloq_box,
          layout_stronghold, pan_blood_fountain_small

Skill      XL: |  1  2  3  4  5  6  7  8  9 10 11 12 13 14 15 16 17 18 19 20 21 22 23 24 25 26 27 |
---------------+----------------------------------------------------------------------------------+-----
Long Blades    | 4 5 7 9 10 12 14 16 19 21 | 21.0
Fighting       | 4 5 8 12 15 16 18 20 21 22 23 24 26 27 | 27.0
Dodging        | 5 6 10 12 16 18 20 21 23 24 25 27 | 27.0
Invocations    | 3 7 8 12 14 15 16 18 20 21 22 27 | 27.0
Shields        | 4 5 8 11 13 15 | 15.0
Evocations     | 6 7 13 15 16 | 16.0
Armour         | 4 7 15 | 15.2
Spellcasting   | 4 9 10 | 10.0
Ice Magic      | 6 15 16 | 16.5

Action                     |  1- 3 |  4- 6 |  7- 9 | 10-12 | 13-15 | 16-18 | 19-21 | 22-24 | 25-27 || total
---------------------------+-------+-------+-------+-------+-------+-------+-------+-------+-------++-------
  Melee: Falchion          |    93 |   236 |   193 |       |       |       |       |       |       ||   522
         Scimitar          |       |       |   155 |   679 |  1640 |   222 |       |       |       ||  2696
         Tailslap          |       |       |       |       |    25 |    47 |     3 |     4 |     1 ||    80
         Double sword      |       |       |       |       |     9 |   933 |   709 |   859 |   734 ||  3244
         Eudemon blade     |       |       |       |       |       |       |  1009 |   842 |  1771 ||  3622
         Headbutt          |       |       |       |       |       |       |       |       |   282 ||   282
  Throw: Dart              |       |       |    14 |       |       |       |       |       |       ||    14
         Throwing net      |       |       |       |       |       |     1 |       |       |     3 ||     4
 Invoke: Divine Shield     |       |       |       |     5 |     8 |     3 |     2 |     6 |    12 ||    36
         Cleansing Flame   |       |       |       |       |     8 |     8 |    13 |    21 |    91 ||   141
         Summon Divine War |       |       |       |       |     5 |    14 |    10 |    17 |    59 ||   105
         Brand Weapon With |       |       |       |       |       |       |     1 |       |       ||     1
Ability: Evoke Blink       |       |       |       |     1 |     1 |     2 |       |       |       ||     4
  Evoke: Wand              |       |       |     3 |       |       |     1 |       |     3 |     3 ||    10
         Box of beasts     |       |       |       |       |       |       |       |     1 |       ||     1
         Lightning rod     |       |       |       |       |       |       |       |       |     3 ||     3
    Use: Scroll            |       |       |     5 |    20 |     3 |     5 |    13 |    17 |    22 ||    85
         Potion            |       |       |     3 |     2 |     9 |     3 |     2 |    16 |    25 ||    60
 Armour: Robe              |    19 |    40 |    26 |       |    26 |    10 |       |       |       ||   121
         Steam dragon scal |       |       |     5 |    39 |       |       |       |       |       ||    44
         Troll leather arm |       |       |       |    32 |   209 |   209 |   253 |   250 |   239 ||  1192
         Chain mail        |       |       |       |       |       |       |       |       |   254 ||   254
  Dodge: Dodged            |    73 |   185 |   279 |   455 |  1213 |  1428 |  1498 |  1715 |  2070 ||  8916
  Block: Buckler           |       |       |       |    89 |   524 |    38 |       |       |       ||   651
         Orb               |       |       |       |     3 |       |       |       |       |       ||     3
         Kite shield       |       |       |       |       |       |  1009 |  1237 |  1480 |  1290 ||  5016
         Tower shield      |       |       |       |       |       |       |       |       |  1355 ||  1355
